[Event "Early-Titled-Tuesday-Blitz-March-12-2024"]
[Site "Chess.com"]
[Date "2024.03.12"]
[Round "7"]
[White "TregubovP"]
[Black "Actuary44"]
[Result "0-1"]
[WhiteElo "2668"]
[BlackElo "2529"]
[TimeControl "180+1"]
[EndTime "9:16:52 PDT"]
[Termination "Actuary44 won on time"]

1. e4 b6 2. d4 Bb7 3. Bd3 e6 4. Nf3 Nf6 5. Qe2 d5 6. Nbd2 c5 7. exd5 Nxd5 8. Bb5+ Nc6 9. Ne5 Rc8 10. Qf3 Qf6 11. Qxf6 gxf6 12. Nxc6 Bxc6 13. Ba6 Rd8 14. a3 Nf4 15. f3 Nxg2+ 16. Kf2 Nf4 17. Ne4 Nh5 18. dxc5 bxc5 19. Be3 f5 20. Ng3 Nf6 21.
Rad1 Nd5 22. Bg5 f6 23. Bc1 Be7 24. Nh5 Kf7 25. Bc4 Nb6 26. Be2 c4 27. Be3 c3 28.
b4 Nd5 29. Bxa7 Ra8 30. Bc5 Bxc5+ 31. bxc5 Rxa3 32. Rhg1 Rg8 33. Rxg8 Kxg8 34. Rg1+ Kf8 35. Bc4 Ra4 36. Bxd5 Bxd5 37. Nxf6 Ra2 38. Nxd5 Rxc2+ 39.
Ke3 exd5 40. Kd3 Rxh2 41. Kxc3 Rf2 42. Kd4 Rxf3 43. Kxd5 Rd3+ 44. Ke6 Rc3 0-1

[Event "Early-Titled-Tuesday-Blitz-March-12-2024"]
[Site "Chess.com"]
[Date "2024.03.12"]
[Round "7"]
[White "AsaHoffmann"]
[Black "jk13"]
[Result "0-1"]
[WhiteElo "2389"]
[BlackElo "2686"]
[TimeControl "180+1"]
[EndTime "9:16:53 PDT"]
[Termination "jk13 won by checkmate"]

1. d4 Nf6 2. Bg5 Ne4 3. Bf4 Nc6 4. f3 Nf6 5. d5 e5 6. Bg5 Nb8 7. e4 Bc5 8. Nc3 d6 9. Na4 Bd4 10. c3 Bxg1 11. Rxg1 Nbd7 12. c4 a5 13. Nc3 Nc5 14.
Qd2 h6 15. Be3 Nfd7 16. Be2 Nb6 17. g3 f5 18. O-O-O Qf6 19. Bxc5 dxc5 20. Nb5 O-O 21. Nxc7 Rb8 22. d6 Bd7 23. Qxa5 Nc8 24. Qxc5 Kh8 25.
Nd5 Qf7 26. Rgf1 Re8 27. Nc7 Rd8 28. Qd5 Qf6 29. c5 Na7 30. Bc4 Rf8 31. a3 Nc6 32. Rd2 Rbd8 33. Rfd1 Bc8 34. Bb5 Bd7 35. b4 fxe4 36.
fxe4 Qf3 37. Qd3 Qf6 38. Bxc6 bxc6 39. a4 Rb8 40. Rb2 Qg5+ 41. Qd2 Qg6 42. Qe3 Bg4 43.
Rdd2 Rf3 44. Qe1 Qf7 45. Rf2 Qc4+ 46. Kb1 Rd3 47. Rfc2 Qd4 48. Rc1 Re3 49. Qd2 Qxe4+ 50. Qc2 Qf3 51. b5 Bf5 52. b6 Bxc2+ 53. Rcxc2 Ra3 54. d7 Qd1+ 55. Rc1 Qxd7 56. Re2 Qd3+ 57. Rec2 Rb3+ 58. Ka2 Ra3+ 59. Kb2 Qb3# 0-1

[Event "Early-Titled-Tuesday-Blitz-March-12-2024"]
[Site "Chess.com"]
[Date "2024.03.12"]
[Round "7"]
[White "Cryptinz"]
[Black "nekotyanof"]
[Result "0-1"]
[WhiteElo "2514"]
[BlackElo "2651"]
[TimeControl "180+1"]
[EndTime "9:16:54 PDT"]
[Termination "nekotyanof won on time"]

1. e4 Nf6 2. e5 Nd5 3. Nc3 e6 4.
Nf3 d6 5. Nxd5 exd5 6. d4 Bf5 7. Bd3 Qd7 8. Bg5 Nc6 9. exd6 Bxd6 10. Qe2+ Be6 11. c3 h6 12. Bh4 g5 13. Bg3 O-O-O 14. O-O-O Rde8 15. Rhe1 Bg4 16. Qc2 Bxg3 17. hxg3 Re6 18.
Rxe6 fxe6 19. Re1 Bxf3 20. gxf3 Rf8 21. Qe2 Rf6 22. f4 gxf4 23. gxf4 Qd6 24. f5 exf5 25. Qh5 Qf4+ 26. Kb1 Nd8 27. Re7 Qg4 28. Be2 Qxh5 29.
Bxh5 Re6 30. Rh7 Re1+ 31. Kc2 Rf1 32. f3 Ne6 33. Rxh6 Nf4 34. Bf7 Rxf3 35. Rf6 Rf2+ 36. Kb3 Nd3 37. Bxd5 f4 38. Be6+ Kd8 39. Rf7 b5 40. Rd7+ Ke8 41. Rxc7 f3 42. Rxa7 Rxb2+ 43. Ka3 Re2 44. Bd7+ Kf8 45. Bxb5 f2 0-1

[Event "Early-Titled-Tuesday-Blitz-March-12-2024"]
[Site "Chess.com"]
[Date "2024.03.12"]
[Round "7"]
[White "ajedrezsinlimites"]
[Black "Sychev_on_YouTube"]
[Result "0-1"]
[WhiteElo "2548"]
[BlackElo "2923"]
[TimeControl "180+1"]
[EndTime "9:16:55 PDT"]
[Termination "Sychev_on_YouTube won on time"]

1. e4 e5 2. Nf3 Nc6 3. Bb5 a6 4. Ba4 f5 5. d3 fxe4 6. dxe4 Nf6 7. Bg5 d6 8. Nbd2 Be7 9. h3 O-O 10. c3 Kh8 11. Qe2 Nh5 12. Be3 Nf4 13. Bxf4 Rxf4 14.
Nf1 Bd7 15. g3 Rf6 16. Ne3 Nd4 17. cxd4 Bxa4 18. Ng4 Rf8 19. d5 Bb5 20. Qe3 a5 21. O-O-O a4 22. Kb1 Qe8 23. Rc1 Bd8 24. Rc3 c6 25.
dxc6 bxc6 26. Rd1 Be7 27. Ng5 Qg6 28. f4 exf4 29. gxf4 Bxg5 30. fxg5 Rae8 31. Nf2 d5 32. Kc1 dxe4 33. h4 Rf3 34. Qd4 Rxc3+ 35. Qxc3 e3 36. Ng4 e2 37. Re1 Qe4 38. Nh6 Bc4 39. a3 Ba2 40. b3 axb3 41. Kb2 Qe6 42. h5 Rf8 43. a4 Rf1 44. Nf7+ Rxf7 45. g6 Rf8 46. gxh7 Kxh7 47. h6 Qxh6 48. Rxe2 Qf6 49. Rh2+ Kg8 0-1

[Event "Early-Titled-Tuesday-Blitz-March-12-2024"]
[Site "Chess.com"]
[Date "2024.03.12"]
[Round "7"]
[White "Flaccidmoves"]
[Black "Ati1517"]
[Result "1-0"]
[WhiteElo "2428"]
[BlackElo "2234"]
[TimeControl "180+1"]
[EndTime "9:16:55 PDT"]
[Termination "Flaccidmoves won by resignation"]

1. Nf3 Nf6 2. b3 d6 3. Bb2 e5 4. d4 exd4 5. Nxd4 Be7 6. g3 O-O 7. Bg2 d5 8. O-O c5 9. Nf3 Nc6 10. c4 d4 11. e3 dxe3 12. fxe3 Bg4 13. Nc3 Qxd1 14. Raxd1 Rad8 15. h3 Bxf3 16. Bxf3 Nb8 17. Bxb7 Nbd7 18. Nd5 Nxd5 19. Bxd5 Nf6 20. e4 Nxd5 21.
exd5 Bd6 22. Kg2 Rfe8 23. Rde1 f6 24. g4 Kf7 25. Bc3 Rd7 26. Rxe8 Kxe8 27. Re1+ Kf7 28. Re6 Bf8 29. Kf3 a6 30. Rxa6 Re7 31. Rc6 Ra7 32.
d6 Rxa2 33. Rc7+ Ke6 34. d7 Be7 35. Rxc5 Kxd7 36. Rd5+ Ke6 37. Rd3 Rh2 38. Ke4 g6 39. b4 f5+ 40. gxf5+ gxf5+ 41. Kf4 Rf2+ 42. Kg3 Rb2 43. c5 Rb3 44. Re3+ Kf7 45. Kf3 Bg5 46. Rd3 Bf6 47. Rd7+ Ke6 48. Rd6+ Ke7 49. Kf4 Rxc3 50.
Kxf5 Rf3+ 51. Kg4 Rb3 52. Rb6 Bc3 53. b5 Rb4+ 54. Kf5 Bd4 55. Rb7+ Kd8 56. c6 Rc4 57.
Ke6 Bc5 58. Kd5 Rc1 59. Rxh7 Bb6 60. h4 Rc5+ 61. Kd6 Kc8 62. Rh8+ 1-0

[Event "Early-Titled-Tuesday-Blitz-March-12-2024"]
[Site "Chess.com"]
[Date "2024.03.12"]
[Round "7"]
[White "BogdanDeac"]
[Black "Alexchess1984"]
[Result "1/2-1/2"]
[WhiteElo "3036"]
[BlackElo "2751"]
[TimeControl "180+1"]
[EndTime "9:16:57 PDT"]
[Termination "Game drawn by repetition"]

1. d4 Nf6 2. Nf3 g6 3. e3 Bg7 4.
Be2 d6 5. O-O O-O 6. Nc3 Nbd7 7.
e4 e5 8. dxe5 dxe5 9. Bc4 c6 10.
a4 Qe7 11. b3 Nb6 12. Ba3 c5 13.
Bd3 Rd8 14. Qe2 Nh5 15. Qe3 Nd7 16. Nd5 Qd6 17. Rfd1 Nf4 18. Bb5 Nxd5 19. Rxd5 Qc7 20. Rad1 a6 21. Bxd7 Rxd7 22. Qxc5 Qxc5 23. Bxc5 Rxd5 24.
Rxd5 Be6 25. Rd2 Rc8 26. Bb6 Bxb3 27. a5 Bxc2 28. Re2 Ba4 29. Re1 f6 30. h3 Bh6 31. Be3 Bxe3 32. Rxe3 Rc5 33. Ra3 Bc6 34. Nd2 Rc2 35. Rd3 Ra2 36. Nc4 Bxe4 37. Rd8+ Kg7 38. Rd7+ Kh6 39. Nd6 Bd5 40. Re7 Rxa5 41. Ne8 Kg5 42.
Rxh7 Ra1+ 43. Kh2 Ra2 44. Kg3 Ra3+ 45. Kh2 Ra2 46. h4+ Kf5 47. Kg3 Ra3+ 48. Kh2 Ra2 49.
Kg3 Ra3+ 50. Kh2 Ra2 1/2-1/2

[Event "Early-Titled-Tuesday-Blitz-March-12-2024"]
[Site "Chess.com"]
[Date "2024.03.12"]
[Round "7"]
[White "andrew-blr"]
[Black "Felix-Rose"]
[Result "1-0"]
[WhiteElo "2613"]
[BlackElo "2269"]
[TimeControl "180+1"]
[EndTime "9:17:00 PDT"]
[Termination "andrew-blr won on time"]

1. d4 d5 2. c4 e6 3. Nc3 Nf6 4. cxd5 exd5 5. Bg5 c6 6. e3 Be7 7. Bd3 Nbd7 8. Qc2 h6 9. Bh4 Nh5 10. Bxe7 Qxe7 11. O-O-O Nb6 12. h3 Be6 13. g4 Nf6 14.
f4 O-O-O 15. Nf3 Kb8 16. Ne5 Rhe8 17. Rhe1 g5 18. Kb1 Qc7 19. Qf2 Ng8 20. f5 Bc8 21. h4 f6 22. Ng6 a6 23. Rh1 Ka7 24.
Rde1 Rd7 25. Rh3 Qd6 26. hxg5 hxg5 27. Rh8 Rdd8 28. Reh1 Ne7 29. Rxe8 Rxe8 30. Rh7 Nd7 31. Rf7 Nb6 32. a3 Bd7 33. e4 dxe4 34. Nxe4 Qd5 35. Nxf6 Qxf7 36. Nxe8 Bxe8 37. Ne5 Qd5 38. f6 Nec8 39. f7 Bxf7 40. Nxf7 Ne7 41. Qf6 Qh1+ 42. Ka2 Ned5 43. Qxg5 Qd1 44. Qf5 1-0

[Event "Early-Titled-Tuesday-Blitz-March-12-2024"]
[Site "Chess.com"]
[Date "2024.03.12"]
[Round "7"]
[White "AlmasRakhmatullaev"]
[Black "rasmussvane"]
[Result "1-0"]
[WhiteElo "2851"]
[BlackElo "2954"]
[TimeControl "180+1"]
[EndTime "9:17:04 PDT"]
[Termination "AlmasRakhmatullaev won by resignation"]

1. e4 c6 2. d4 d5 3. exd5 cxd5 4. c4 Nf6 5. Nc3 Nc6 6. Nf3 a6 7. c5 Bg4 8. Be3 g6 9. h3 Bxf3 10. Qxf3 Bg7 11. Rd1 e6 12. a3 b6 13. b4 Nd7 14. b5 axb5 15. Bxb5 Qc8 16. Nxd5 exd5 17. Qxd5 Ndb8 18. Qe4+ Qe6 19. Qf3 O-O 20. O-O Qb3 21.
a4 bxc5 22. dxc5 Rxa4 23. Rb1 Qa2 24. Bxc6 Nxc6 25. Qxc6 Raa8 26. Rb7 Rac8 27. Qe4 Rfe8 28. Qf3 Qe6 29. Rd1 Re7 30. Rb6 Qe4 31. Qxe4 Rxe4 32. Rd7 Bf8 33. c6 Rc4 34. Rbb7 R4xc6 35. Rxf7 h5 36. g3 Re6 37. Bd4 Rce8 38. Rh7 R8e7 39. Rh8+ Kf7 40. Rxf8+ Kxf8 41. Bc5 Ke8 42. Rxe7+ Rxe7 43. Bxe7 Kxe7 44. Kg2 Ke6 45. h4 Kf5 46. Kf3 Ke5 47. Ke3 Kf5 48. f3 Ke5 49. g4 hxg4 50.
fxg4 Ke6 51. Ke4 Kd6 52. Kf4 Ke6 53. Kg5 Kf7 54. Kh6 Kf6 55. Kh7 Kf7 56. g5 1-0

[Event "Early-Titled-Tuesday-Blitz-March-12-2024"]
[Site "Chess.com"]
[Date "2024.03.12"]
[Round "7"]
[White "Sam_ChessMood"]
[Black "Polish_fighter3000"]
[Result "0-1"]
[WhiteElo "2972"]
[BlackElo "3126"]
[TimeControl "180+1"]
[EndTime "9:17:06 PDT"]
[Termination "Polish_fighter3000 won by resignation"]

1. e4 c6 2. d4 d5 3. e5 Bf5 4. Nf3 e6 5. Be2 c5 6. Be3 Qb6 7. Nc3 Nc6 8. O-O Qxb2 9. Qe1 cxd4 10. Bxd4 Nxd4 11. Nxd4 Bb4 12. Rb1 Qxc3 13. Rxb4 Qxe1 14. Rxe1 b6 15. h4 h5 16. Bb5+ Kf8 17. Bc6 Rc8 18.
Bxd5 Ne7 19. Bf3 g6 20. Ra4 a5 21. Rb1 Bxc2 22. Nxc2 Rxc2 23. Rxb6 Rc5 24. Ra6 Rxe5 25.
R6xa5 Re1+ 26. Kh2 Kg7 27. g3 Rb8 28. Re4 Rc1 29. Re2 Nf5 30. Rd2 Rb4 31. a3 Rd4 32.
Rxd4 Nxd4 33. Ba8 f5 34. a4 Ra1 35. Ra7+ Kf6 36. a5 f4 37. gxf4 Ne2 38. a6 Nxf4 39.
Be4 Ke5 40. f3 Ra2+ 41. Kg1 Ne2+ 42. Kf2 Nc3+ 43. Ke3 Ra3 44. Bd3 Nd5+ 45. Kd2 Ra2+ 46.
Kc1 Nb4 47. Bc4 Rc2+ 48. Kb1 Rxc4 0-1

[Event "Early-Titled-Tuesday-Blitz-March-12-2024"]
[Site "Chess.com"]
[Date "2024.03.12"]
[Round "7"]
[White "Winner_7777"]
[Black "Abund"]
[Result "0-1"]
[WhiteElo "2572"]
[BlackElo "2793"]
[TimeControl "180+1"]
[EndTime "9:17:06 PDT"]
[Termination "Abund won on time"]

1. d4 g6 2. c4 Bg7 3. Nc3 c5 4.
d5 Bxc3+ 5. bxc3 f5 6. h4 Nf6 7. h5 Nxh5 8. e4 O-O 9. exf5 Rxf5 10. g4 Re5+ 11. Be2 Nf6 12. f4 Re4 13. g5 Nh5 14. Qd3 Rxe2+ 15. Nxe2 d6 16. Rxh5 Bf5 17. Qe3 gxh5 18.
Ng3 Bg4 19. f5 Nd7 20. Qe6+ Kh8 21. g6 Ne5 22. g7+ Kxg7 23. Bh6+ Kh8 24. Kd2 Qd7 25.
Qxd7 Nxd7 26. Re1 Ne5 27. Re4 Re8 28. Nf1 Kg8 29. Ne3 Kf7 30. Bf4 Bf3 31. Rxe5 dxe5 32. Bxe5 Rg8 33. Ke1 h4 34. Kf2 Be4 35. Bc7 h3 36. Bg3 h5 37. Bh2 Rg5 38. Bf4 Rg8 39.
Bh2 Kf6 40. Bg3 b6 41. Bh4+ Kf7 42. Bg3 Rg7 43. Be5 Rg5 44. Bf4 Rg8 45. Be5 a6 46. a4 h4 47. Bc7 Kf6 0-1

[Event "Early-Titled-Tuesday-Blitz-March-12-2024"]
[Site "Chess.com"]
[Date "2024.03.12"]
[Round "7"]
[White "DIMONBANAN"]
[Black "GeorgiosSouleidis"]
[Result "0-1"]
[WhiteElo "2529"]
[BlackElo "2668"]
[TimeControl "180+1"]
[EndTime "9:17:08 PDT"]
[Termination "GeorgiosSouleidis won by resignation"]

1. e4 c5 2. Nf3 e6 3. d4 cxd4 4.
Nxd4 Nf6 5. Nc3 Nc6 6. Nxc6 bxc6 7. e5 Nd5 8. Nxd5 cxd5 9. Bd3 d6 10. Bf4 Be7 11.
O-O O-O 12. Qh5 g6 13. Qf3 dxe5 14. Bxe5 f6 15. Bg3 e5 16. Rfd1 Be6 17. Bc4 e4 18. Qe2 Qa5 19. Bb3 Rad8 20. a3 f5 21. Be5 Bf6 22.
Bxf6 Rxf6 23. Qe3 Qb6 24. Qxb6 axb6 25. Rd4 Rf7 26. Rad1 Rfd7 27. Kf1 Kf7 28. Ke1 Kf6 29. g3 g5 30. c4 dxc4 31. Rxd7 Rxd7 32. Rxd7 Bxd7 33.
Bxc4 Ke5 34. Kd2 Kd4 35. Bg8 h6 36. Bf7 f4 37. gxf4 gxf4 38. Bh5 e3+ 39. fxe3+ fxe3+ 40. Ke1 Kd3 41. Bg6+ Kd4 42. Bc2 Bg4 43. b4 Kc3 44. Bd1 Bxd1 45. Kxd1 Kb3 46. Ke2 Kxa3 47. Kxe3 Kxb4 48.
Kd2 Kb3 49. Kc1 b5 50. Kb1 b4 51. h3 Kc3 52. Kc1 b3 53. Kb1 b2 54. h4 h5 55. Ka2 Kc2 0-1

[Event "Early-Titled-Tuesday-Blitz-March-12-2024"]
[Site "Chess.com"]
[Date "2024.03.12"]
[Round "7"]
[White "temus_galaktionov"]
[Black "NMJeevanK"]
[Result "1-0"]
[WhiteElo "2865"]
[BlackElo "2584"]
[TimeControl "180+1"]
[EndTime "9:17:10 PDT"]
[Termination "temus_galaktionov won on time"]

1. d4 g6 2. Nf3 d6 3. c4 Bg7 4. Nc3 Nc6 5. d5 Ne5 6. Nxe5 Bxe5 7. e4 Nf6 8. Bd3 O-O 9. f4 Bd4 10. Ne2 Bb6 11. h3 e6 12. Qc2 exd5 13. cxd5 Re8 14. Bd2 Qe7 15. Ng3 Nxe4 16. Bxe4 Qh4 17. Qd3 f5 18. O-O-O fxe4 19. Nxe4 Bf5 20. Rde1 Re7 21. g4 Bxe4 22. Rxe4 Rae8 23. Rhe1 Rxe4 24. Rxe4 Re7 25. Qe2 Kf8 26. Rxe7 Qxe7 27. Qxe7+ Kxe7 28. Kc2 Bd4 29. b3 h5 30. Kd3 hxg4 31. hxg4 Bb2 32. Ke4 c5 33. f5 gxf5+ 34. Kxf5 b5 35. Bg5+ Kf7 36.
Ke4 Be5 37. Be3 Bg3 38. Kf5 a5 39. g5 a4 40. bxa4 bxa4 41. g6+ Kg7 42. Bd2 Be5 43. Be3 c4 44. Bg5 c3 45. Be3 c2 46. Bc1 Bc3 47. Ke4 Kxg6 48. Kd3 Bb4 49. Kxc2 Kf5 50. Kd3 Bc5 51. Kc4 a3 52. Kb5 Ke5 53. Kc6 Kf6 54. Bf4 Ke7 55. Bg5+ Kf7 56. Kd7 Kg6 57. Bf4 Kf5 58. Bxd6 Ke4 59. Kc6 Bd4 60. Bxa3 Bf6 61. Bc5 Kd3 62. a4 Kc4 63. a5 Bd8 64. a6 1-0

[Event "Early-Titled-Tuesday-Blitz-March-12-2024"]
[Site "Chess.com"]
[Date "2024.03.12"]
[Round "7"]
[White "ASKA538"]
[Black "Al_Shima"]
[Result "0-1"]
[WhiteElo "2256"]
[BlackElo "2440"]
[TimeControl "180+1"]
[EndTime "9:17:10 PDT"]
[Termination "Al_Shima won by resignation"]

1. e4 c6 2. Nf3 d5 3. Nc3 dxe4 4. Nxe4 Nf6 5. Qe2 Nxe4 6. Qxe4 Nd7 7. Bc4 Nf6 8. Ne5 e6 9. Qe2 b5 10. Nxc6 Qc7 11.
Bxb5 a6 12. Ba4 Bd7 13. Qc4 Rc8 14. Qxa6 Bxc6 15. Bxc6+ Qxc6 16. Qxc6+ Rxc6 17. c3 Bd6 18. d4 O-O 19. Be3 Nd5 20. Kd2 Rb8 21. Rhb1 f5 22. g3 h6 23. Kd3 f4 24. Bd2 fxg3 25. fxg3 Nb6 26. b4 Nc4 27. b5 Rc7 28. a4 Na5 29. Bf4 Bxf4 30. gxf4 Rbc8 31. Ra3 Kf7 32. b6 Rb7 33.
Rb5 Nc4 34. Rab3 Nd6 35. Rc5 Ra8 36. a5 Ke7 37. c4 Ra6 38. Rb1 Rd7 39. Re5 Nb7 40.
d5 Nc5+ 41. Kd4 Rxa5 42. b7 Rxb7 43. Rxb7+ Nxb7 44. Rxe6+ Kf7 45. Rb6 Nc5 46. Rb5 Rxb5 47. cxb5 Nd7 48. Ke4 Ke7 49. Kf5 Kf7 50. d6 g6+ 51. Ke4 Ke6 52. f5+ gxf5+ 53. Kf4 Nf6 54. b6 Nd5+ 55. Kg3 Nxb6 56. h4 Kxd6 0-1

[Event "Early-Titled-Tuesday-Blitz-March-12-2024"]
[Site "Chess.com"]
[Date "2024.03.12"]
[Round "7"]
[White "Witik"]
[Black "Grandelicious"]
[Result "0-1"]
[WhiteElo "2747"]
[BlackElo "2879"]
[TimeControl "180+1"]
[EndTime "9:17:15 PDT"]
[Termination "Grandelicious won by resignation"]

1. d4 Nf6 2. c4 g6 3. g3 Bg7 4.
Bg2 O-O 5. Nc3 d6 6. Nf3 c6 7. O-O Nbd7 8. e4 e5 9. h3 Qa5 10.
Be3 Nb6 11. Qe2 exd4 12. Bxd4 Re8 13. Nd2 Be6 14. Rfc1 Qa6 15. Bf1 Rad8 16. Qf3 Nbd7 17. c5 Qa5 18. cxd6 Ne5 19. Qe3 Rxd6 20. Nb3 Bxb3 21.
axb3 Qd8 22. Bxa7 Nd3 23. Rd1 Nxb2 24. Rxd6 Qxd6 25. Bd4 Ng4 26. hxg4 Bxd4 27. Qf3 Qe5 28. Rc1 Ra8 29. Kg2 Ra3 30. Ne2 c5 31. Nf4 Ra6 32. Nd5 Kg7 33. Qe2 Re6 34. f3 Qg5 35.
Rc2 h5 36. Rxb2 Bxb2 37. Qxb2+ Kg8 38. e5 Qxe5 39. Qxe5 Rxe5 40. gxh5 Rxd5 41. hxg6 Rd2+ 42. Kh3 fxg6 43. Kg4 Kg7 44. Bc4 Rd4+ 45. Kg5 Rd6 46. f4 Rb6 47. g4 Rb4 48. f5 gxf5 49. gxf5 b5 50. f6+ Kf8 51. Bd5 Rd4 52. Bc6 c4 53. bxc4 bxc4 54. Ba4 c3 55. Bb3 Rd2 0-1

[Event "Early-Titled-Tuesday-Blitz-March-12-2024"]
[Site "Chess.com"]
[Date "2024.03.12"]
[Round "7"]
[White "suyu28"]
[Black "karinachess1"]
[Result "0-1"]
[WhiteElo "2858"]
[BlackElo "2614"]
[TimeControl "180+1"]
[EndTime "9:17:15 PDT"]
[Termination "karinachess1 won on time"]

1. d4 Nf6 2. c4 e6 3. Nf3 d5 4. g3 dxc4 5. Bg2 Nc6 6. O-O Rb8 7.
e3 b5 8. Qe2 Be7 9. b3 cxb3 10.
axb3 a6 11. Bb2 O-O 12. Nbd2 Nb4 13. Rfc1 Bb7 14. Bc3 Nfd5 15. Bb2 Nf6 16. h3 c5 17.
e4 cxd4 18. Bxd4 Nc6 19. Bb2 Qb6 20. e5 Nd5 21. Ne4 Rfd8 22. h4 h6 23. Rd1 Ndb4 24.
Nd6 Rd7 25. Nxb7 Rbxb7 26. Qe4 Rd5 27. Rxd5 Nxd5 28. Nh2 Rd7 29. Rc1 Ncb4 30. Ng4 Bf8 31. Rc8 Rd8 32. Rc1 a5 33. Bd4 Qb7 34. Bf1 a4 35. bxa4 bxa4 36. Ra1 Qd7 37. Bb2 Ra8 38.
Ba3 Rb8 39. h5 Nc3 40. Qc4 Nbd5 41. Bxf8 Rxf8 42. Bd3 Rc8 43. Qd4 Qc7 44. Nf6+ gxf6 45. exf6 Kh8 46. Bc2 Rg8 47. Qd3 Nxf6 48. Qd4 Nd5 49.
Be4 e5 50. Qb2 Qc3 0-1

[Event "Early-Titled-Tuesday-Blitz-March-12-2024"]
[Site "Chess.com"]
[Date "2024.03.12"]
[Round "7"]
[White "Roman_Ovetchkin"]
[Black "AlexeiShirov"]
[Result "0-1"]
[WhiteElo "2587"]
[BlackElo "2870"]
[TimeControl "180+1"]
[EndTime "9:17:17 PDT"]
[Termination "AlexeiShirov won on time"]

1. d4 d5 2. c4 c6 3. Nf3 Nf6 4. Nc3 e6 5. cxd5 exd5 6. Qc2 Na6 7. a3 Nc7 8. Bg5 Ne6 9. Bh4 Be7 10. e3 O-O 11.
Bd3 g6 12. h3 Nh5 13. g4 Bxh4 14. gxh5 Bf6 15. O-O-O Kh8 16. Rhg1 Rg8 17. h4 Bd7 18. hxg6 hxg6 19. h5 g5 20. h6 Qe7 21. Bf5 Rae8 22.
Kb1 Nf8 23. Ne2 Bxf5 24. Qxf5 Qe4+ 25. Qxe4 Rxe4 26. Ng3 Re6 27. Nh2 Nh7 28. Ng4 Bd8 29.
Nf5 Bc7 30. f3 Nf6 31. Nxf6 Rxf6 32. e4 Bf4 33. Rg4 Re8 34. Ng7 Re7 35. e5 Rg6 36. Nf5 Ree6 37. Rdg1 Kh7 38. Kc2 f6 39. Ng7 Re7 40. e6 f5 41. Nxf5 Rexe6 42. Kb3 Ref6 43. Ne7 Rxh6 44. Re1 Rh3 45. Ka2 Rxf3 46. Rg2 Kg7 47.
Rge2 Kf7 48. Nc8 g4 49. Re7+ Kg6 50. Rxb7 g3 51. Ne7+ Kg5 52. Re2 Rf7 53. Re6 Rf6 54.
Rxf6 Kxf6 55. Ng8+ Kg6 56. Ne7+ Kg5 57. Nxc6 Be3 0-1

[Event "Early-Titled-Tuesday-Blitz-March-12-2024"]
[Site "Chess.com"]
[Date "2024.03.12"]
[Round "7"]
[White "KhazhatulyAlikhan"]
[Black "volodja49"]
[Result "0-1"]
[WhiteElo "2448"]
[BlackElo "2588"]
[TimeControl "180+1"]
[EndTime "9:17:17 PDT"]
[Termination "volodja49 won by resignation"]

1. e4 e6 2. d4 d5 3. Nd2 dxe4 4. Nxe4 Nd7 5. Nf3 Ngf6 6. Bd3 c5 7. dxc5 Nxe4 8.
Bxe4 Nxc5 9. Qxd8+ Kxd8 10. Ng5 f6 11. Nf7+ Ke8 12. Nxh8 Nxe4 13. Be3 Bc5 14. Bxc5 Nxc5 15. O-O-O e5 16. Rhe1 Be6 17. f4 Ke7 18. fxe5 f5 19. Re3 Rxh8 20. Rc3 Na6 21. Rd6 Rd8 22. Rg3 g6 23. Rh3 h5 24. Rg3 Bf7 25. Rxd8 Kxd8 26.
e6 Be8 27. Rb3 Bc6 28. a3 Ke7 29. Rg3 Kf6 30. h4 Nc7 31. e7 Nd5 32. e8=Q Bxe8 33. Rb3 Bc6 34. g3 f4 35. c4 Nb6 36. gxf4 Nxc4 37.
Rc3 Nd6 38. b4 a6 39. Rd3 Nf5 40. Rh3 Nh6 41. Kd2 Ng4 42. Rd3 Kf5 43. Rd6 Nf6 44. Ke2 Nd5 45. Kf2 Nxf4 46. Kg3 Ne2+ 47. Kh3 Nc3 48. Rd3 Nd5 49. Rf3+ Nf4+ 50. Kg3 Bxf3 51.
Kxf3 g5 52. hxg5 Kxg5 53. a4 h4 54. b5 axb5 55. axb5 b6 56. Kf2 Kg4 57. Kg1 Kg3 58. Kh1 h3 59. Kg1 Nd5 60. Kh1 Nc3 61. Kg1 Nxb5 62.
Kh1 0-1

[Event "Early-Titled-Tuesday-Blitz-March-12-2024"]
[Site "Chess.com"]
[Date "2024.03.12"]
[Round "7"]
[White "Danny_Billiards"]
[Black "Let_it_be_1"]
[Result "1/2-1/2"]
[WhiteElo "2791"]
[BlackElo "2628"]
[TimeControl "180+1"]
[EndTime "9:17:18 PDT"]
[Termination "Game drawn by repetition"]

1. d4 d5 2. Nc3 e6 3. Bf4 Bd6 4. Bxd6 cxd6 5. Nf3 Nf6 6. Qd3 Nc6 7. e4 dxe4 8. Nxe4 O-O 9. c3 e5 10. dxe5 Nxe4 11.
Qxe4 dxe5 12. Bb5 f6 13. O-O Qb6 14. Bd3 g6 15. b4 Ne7 16. a3 Bf5 17. Qe2 Rad8 18.
Bxf5 Nxf5 19. Rfd1 Kg7 20. c4 Rxd1+ 21. Rxd1 Rd8 22.
c5 Qa6 23. Qc2 Rxd1+ 24. Qxd1 Qxa3 25. g4 Ne7 26. Qd7 Kf7 27. Qxb7 Qc1+ 28. Kg2 Qf4 29. Qd7 f5 30. h3 h5 31. gxf5 gxf5 32. c6 e4 33. Nd2 e3 34. fxe3 Qxe3 35. Kf1 Qxh3+ 36.
Kf2 Qh4+ 37. Ke3 Qxb4 38. c7 Qc3+ 39. Ke2 f4 40. Nf3 Qe3+ 41. Kf1 Qxf3+ 42. Ke1 Qe3+ 43. Kf1 f3 44. Qe8+ Kxe8 45. c8=Q+ Kf7 46. Qf8+ Ke6 47.
Qf6+ Kd5 48. Qd6+ Ke4 49. Qe5+ Kd3 50. Qc3+ Ke4 51. Qe5+ Kd3 52. Qc3+ Ke4 53. Qe5+ 1/2-1/2

[Event "Early-Titled-Tuesday-Blitz-March-12-2024"]
[Site "Chess.com"]
[Date "2024.03.12"]
[Round "7"]
[White "DonkyDonkyDonkey"]
[Black "Fandorine"]
[Result "1/2-1/2"]
[WhiteElo "2895"]
[BlackElo "2956"]
[TimeControl "180+1"]
[EndTime "9:17:23 PDT"]
[Termination "Game drawn by repetition"]

1. e4 e5 2. Nf3 Nc6 3. Nc3 Nf6 4. a3 Be7 5. d4 d6 6. d5 Nb8 7. h3 O-O 8. Be3 Nbd7 9. Qd2 c6 10. g4 cxd5 11. exd5 a6 12. O-O-O b5 13. Be2 Nb6 14. g5 Nfd7 15. h4 Bb7 16. h5 f5 17. g6 f4 18.
gxh7+ Kh8 19. Bxb6 Qxb6 20. Ne4 a5 21. h6 g6 22.
Rhg1 Nc5 23. Nxc5 Qxc5 24. Rxg6 Qxf2 25. Rdg1 Qe3 26. Qxe3 fxe3 27. Rg7 Bxd5 28. Nxe5 dxe5 29. Rxe7 Rf2 30. Bxb5 Be4 31. Ba4 e2 32. Re1 Rd8 33. Re8+ Rxe8 34. Bxe8 Bf3 35. Kd2 Kxh7 36. Bb5 e4 37. Ke3 Rh2 38. Bxe2 Kxh6 39. Bxf3 exf3 40. Rc1 f2 41. Kf3 Kg6 42. c4 f1=Q+ 43. Rxf1 Rxb2 44.
Rc1 Kf6 45. Ke4 Ke6 46. Rc3 Kd6 47. c5+ Kc6 48. Kd4 Rd2+ 49. Ke4 Rh2 50. Kd4 Rh4+ 51. Kd3 a4 52. Rc4 Rh3+ 53. Kd4 Rxa3 54. Rb4 Rh3 55. Rb6+ Kc7 56. Ra6 a3 57. Kc4 Rg3 58. Kb5 Rb3+ 59. Kc4 Rg3 60. Kb5 Rb3+ 61. Kc4 Rg3 1/2-1/2

[Event "Early-Titled-Tuesday-Blitz-March-12-2024"]
[Site "Chess.com"]
[Date "2024.03.12"]
[Round "7"]
[White "MidnightFox"]
[Black "awesomevishesh"]
[Result "1/2-1/2"]
[WhiteElo "2510"]
[BlackElo "2632"]
[TimeControl "180+1"]
[EndTime "9:17:25 PDT"]
[Termination "Game drawn - insufficient material"]

1. d4 Nf6 2. c4 g6 3. Nc3 Bg7 4.
e4 d6 5. Nf3 O-O 6. Be2 Nbd7 7.
O-O e5 8. Re1 a6 9. Bf1 Re8 10. d5 a5 11. h3 Nc5 12. b3 Nh5 13. Rb1 f5 14. exf5 Bxf5 15. Rb2 Nf4 16. Bxf4 exf4 17.
Rxe8+ Qxe8 18. Re2 Qd7 19. Nd4 Bd3 20. Re1 Bxd4 21.
Nb5 Bxf1 22. Qxd4 Bd3 23. Qxf4 Rf8 24. Qg5 Qf7 25. f3 Re8 26. Rxe8+ Qxe8 27. Nxc7 Qe1+ 28.
Kh2 Qe5+ 29. Qxe5 dxe5 30. Nb5 Kf7 31. Kg3 Bb1 32. Nc3 Bf5 33. Kf2 Ke7 34. g4 Bd7 35. Ke3 Kd6 36. f4 h6 37. Ne2 exf4+ 38. Kxf4 g5+ 39.
Ke3 Ke5 40. Nd4 Kd6 41. Nf3 b6 42. Kd4 Be8 43. Ne5 Nd7 44. Nf3 Nf8 45. Nd2 Ng6 46.
Ne4+ Ke7 47. a3 Nf4 48. Nf2 Kd6 49. b4 axb4 50. axb4 Bg6 51. c5+ bxc5+ 52. bxc5+ Kd7 53. Ke5 Nd3+ 54. Nxd3 Bxd3 55. Kf6 Bf1 56. Kg7 Bxh3 57. Kxh6 Bxg4 58. Kxg5 Bf3 59. d6 Kc6 60. Kf4 Bh5 61. Ke5 Be8 62. Ke6 Kxc5 63. Ke7 Bc6 64. d7 Bxd7 1/2-1/2